 Dungeon Crawl Stone Soup version 0.28.0-49-g6dfe1f597d (webtiles) character file.

Game seed: 13437528074154178328

1737 Zeld the Conjurer (level 8, -4/69 HPs)
             Began as a Green Draconian Conjurer on May 16, 2022.
             Was an Initiate of Makhleb.
             Slain by Dowan
             ... wielding a +0 war axe
              (9 damage)
             ... on level 4 of the Dungeon.
             The game lasted 00:08:46 (7924 turns).

Zeld the Conjurer (Green Draconian Conjurer)        Turns: 7924, Time: 00:08:46

Health: -4/69      AC:  6    Str:  9    XL:     8   Next: 76%
Magic:  2/16       EV: 12    Int: 21    God:    Makhleb [......]
Gold:   261        SH:  0    Dex: 10    Spells: 6/17 levels left

rFire   . . .      SeeInvis .   (no weapon)
rCold   . . .      Faith    .   (no shield)
rNeg    . . .      Spirit   .   (armour unavailable)
rPois   +          Reflect  .   (helmet restricted)
rElec   .          Harm     .   (no cloak)
rCorr   .          Rampage  .   (no gloves)
Will    .....                   (no boots)
Stlth   ++........              (no amulet)
HPRegen 0.21/turn               (no ring)
MPRegen 0.15/turn               (no ring)

@: short of breath
A: breathe noxious fumes, AC +6, unfitting armour, poison resistance,
cold-blooded
a: Breathe Noxious Fumes, Renounce Religion


You were on level 4 of the Dungeon.
You worshipped Makhleb.
Makhleb was noncommittal.
You visited 2 branches of the dungeon, and saw 6 of its levels.

You collected 261 gold pieces.

Inventory:

Jewellery
 k - a +6 ring of intelligence
Wands
 j - a wand of iceblast (7)
Scrolls
 a - 3 scrolls of teleportation {unknown}
 b - a scroll of summoning {unknown}
 d - a scroll of immolation {unknown}
 e - 2 scrolls of enchant weapon {unknown}
 f - a scroll of magic mapping {unknown}
 h - a scroll of identify {unknown}
 i - a scroll of torment {unknown}
Potions
 c - 2 potions of brilliance {unknown}
 g - a potion of curing {unknown}
 l - a potion of lignification {unknown}
 m - a potion of heal wounds {unknown}
 n - a potion of resistance
 o - a potion of might {unknown}


   Skills:
 * Level 5.5 Fighting
 + Level 3.7 Dodging
 + Level 4.0 Stealth
 * Level 5.3 Spellcasting
 * Level 6.7 Conjurations
 - Level 2.0 Hexes
 - Level 2.0 Translocations


You had 6 spell levels left.
You knew the following spells:

 Your Spells              Type           Power      Damage    Failure   Level
a - Magic Dart            Conj           100%       1d8       1%          1
b - Searing Ray           Conj           68%        2d6       1%          2
c - Fulminant Prism       Conj/Hex       12%        3d9       17%         4
d - Iskenderun's Mystic   Conj/Tloc      24%        2d7       17%         4

Your spell library contained the following spells:

 Spells                   Type           Power      Damage    Failure   Level
 Dazzling Flash           Conj/Hex       48%        N/A       5%          3
 Cause Fear               Hex            7%         N/A       41%         4
 Dragon Form              Tmut           2%         N/A       100%        7
 Dragon's Call            Summ           2%         N/A       100%        9


Dungeon Overview and Level Annotations

Branches:
Dungeon (5/15)             Temple (1/1) D:4

Altars:
Ashenzari
Cheibriados
Dithmenos
Fedhas
Gozag
Hepliaklqana
Makhleb
Nemelex Xobeh
Okawaru
Ru
Sif Muna
Trog
Uskayaw
Vehumet
Wu Jian
Xom
Yredelemnul
Zin
The Shining One

Annotations:
D:4 Dowan


Innate Abilities, Weirdness & Mutations

You can breathe blasts of noxious fumes.
Your lurid green scales are hard. (AC +6)
You cannot fit into any form of body armour.
Your system is resistant to poisons. (rPois)
You are cold-blooded and may be slowed by cold attacks.


Message History

Press: ? - help, Shift-Dir - straight line, p - Duvessa You exhale a blast of noxious fumes.
The blast of choking fumes misses Duvessa.
Duvessa is engulfed in noxious fumes.
Duvessa says, "My weaknesses are his strengths!"
Duvessa closely misses you.
Duvessa is engulfed in noxious fumes.
Duvessa appears confused.
Dowan hits you with a +0 war axe!
* * * LOW HITPOINT WARNING * * *
Unknown command.
Duvessa hits herself with a +0 rapier!
Duvessa is killed!
Makhleb accepts your kill.
Dowan screams, "No!
No!"
Dowan seems to find hidden reserves of power!
Dowan closely misses you.
Your Stealth skill increases to level 4!
You climb upwards.
There is a stone staircase leading down here.
Unknown command.
Unknown command.
Dowan is nearby!
Dowan gestures wildly while chanting.
Dowan blinks!
You barely miss Dowan.
Dowan is moderately wounded.
Dowan closely misses you.
You barely miss Dowan.
Dowan is moderately wounded.
Dowan hits you with a +0 war axe!
* * * LOW HITPOINT WARNING * * *
Dowan hits you but does no damage.
You barely miss Dowan.
Your tail-slap misses Dowan.
Dowan is moderately wounded.
Dowan closely misses you.
You miss Dowan.
Your tail-slap misses Dowan.
Dowan is moderately wounded.
Dowan hits you with a +0 war axe!
* * * LOW HITPOINT WARNING * * *
Dowan hits you with a +0 war axe!
You die...

### ###.##
######.....####
#>.# #######
#..# ##.# #.##
#..# # #..# #
#.e# # ##@# ###


You could see Dowan (fast).

Vanquished Creatures
  Grinder (D:3)
  Sigmund (D:3)
  3 yaks (D:4)
  Duvessa (D:5)
  A water moccasin (D:4)
  A sky beast (D:5)
  An ice beast (D:5)
  A necrophage (D:5)
  A phantom (D:4)
  A hound (D:5)
  2 orc priests
  2 centaur skeletons
  An iguana (D:5)
  An orc wizard (D:4)
  A scorpion zombie (D:5)
  A hound skeleton (D:4)
  A howler monkey skeleton (D:4)
  6 adders
  A shadow imp (D:4)
  An ufetubus (D:5)
  2 worms
  3 dart slugs
  11 orcs
  3 bats
  11 endoplasms
  A giant cockroach (D:2)
  8 goblins
  5 hobgoblins
  9 jackals
  2 quokkas
  11 ball pythons
  4 frilled lizards
  9 kobolds
  5 rats
113 creatures vanquished.

Notes
Turn   | Place    | Note
-------+----------+-------------------------------------------
     0 | D:1      | Zeld the Draconian Conjurer began the quest for the Orb.
     0 | D:1      | Reached XP level 1. HP: 14/14 MP: 3/3
   195 | D:1      | Reached XP level 2. HP: 15/22 MP: 0/5
   198 | D:1      | Learned a level 2 spell: Searing Ray
   626 | D:1      | Reached skill level 1 in Fighting
  1133 | D:2      | Reached XP level 3. HP: 28/28 MP: 2/6
  1960 | D:2      | Reached XP level 4. HP: 36/36 MP: 4/8
  2175 | D:3      | Found an iron altar of Okawaru.
  2397 | D:3      | Noticed Sigmund
  2421 | D:3      | Killed Sigmund
  2422 | D:3      | Reached XP level 5. HP: 39/42 MP: 1/9
  2614 | D:3      | Reached skill level 5 in Conjurations
  3405 | D:3      | Reached XP level 6. HP: 48/50 MP: 8/11
  3416 | D:3      | Learned a level 4 spell: Fulminant Prism
  3421 | D:3      | Learned a level 4 spell: Iskenderun's Mystic Blast
  3683 | D:3      | Noticed Grinder
  3694 | D:3      | Paralysed by Grinder for 2 turns
  3697 | D:3      | Killed Grinder
  4248 | D:4      | Noticed a water moccasin
  4268 | D:4      | Killed a water moccasin
  4269 | D:4      | Reached skill level 1 in Hexes
  4269 | D:4      | Reached skill level 1 in Translocations
  4269 | D:4      | Your scales start taking on a lurid green colour.
  4269 | D:4      | Reached XP level 7. HP: 37/58 MP: 2/13
  4269 | D:4      | Gained mutation: Your system is resistant to poisons.
                  | (rPois) [Green Draconian growth]
  5267 | D:4      | Found a staircase to the Ecumenical Temple.
  5291 | Temple   | Entered the Ecumenical Temple
  5475 | Temple   | Became a worshipper of Makhleb the Destroyer
  6126 | D:5      | Entered Level 5 of the Dungeon
  6126 | D:5      | Noticed Duvessa
  6126 | D:5      | Noticed Dowan
  6278 | D:5      | Reached skill level 6 in Conjurations
  6278 | D:5      | Reached XP level 8. HP: 61/67 MP: 2/14
  6655 | D:4      | Reached skill level 5 in Fighting
  6655 | D:4      | Reached skill level 5 in Spellcasting
  7909 | D:5      | Killed Duvessa
  7924 | D:4      | Slain by Dowan

Illustrated notes

Levels and vault maps discovered:
D:1:      onia_arrival_handbag, layout_basic, minmay_statues_item
D:2:      layout_basic
D:3:      layout_basic, mainiacjoe_overflow_alcove_1, grunt_decor_mini_mirrors,
          minmay_pentomino_pile, uniq_sigmund, uniq_grinder
D:4:      kennysheep_the_goblin_king, layout_cave_pods,
          minmay_temple_entry_proselytizer
D:5:      layout_rooms, minivault_26, hangedman_abyss_or_decor_slice,
          uniq_duvessa
Temple:   dpeg_five_rooms_temple

Skill      XL: |  1  2  3  4  5  6  7  8 |
---------------+-------------------------+-----
Fighting       | 1 2 3 4 5 |  5.5
Stealth        | 2 3 4 |  4.0
Dodging        | 2 3 |  3.7
Spellcasting   | 3 4 5 |  5.3
Conjurations   | 5 6 |  6.7
Hexes          | 1 2 |  2.0
Translocations | 1 2 |  2.0

Action                   |  1- 3 |  4- 6 |  7- 9 || total
-------------------------+-------+-------+-------++-------
Melee: Unarmed           |    40 |     5 |    39 ||    84
       Tailslap          |     2 |     2 |     7 ||    11
 Cast: Magic Dart        |    62 |    39 |    26 ||   127
       Searing Ray       |     3 |    13 |    53 ||    69
       Iskenderun's Myst |       |       |     1 ||     1
 Abil: Breathe Noxious F |       |       |     6 ||     6
 Stab: Confused          |       |       |     1 ||     1
Armor: Skin              |    13 |    13 |    67 ||    93
Dodge: Dodged            |    33 |    21 |    99 ||   153
